 Dungeon Crawl Stone Soup version 0.26-a0-712-ga5a9c9c9d0 (webtiles) character file.

Game seed: 7274233307810172990

266 Azzok the Chopper (level 6, 0/47 HPs)
             Began as a Demonspawn Berserker on Nov 7, 2020.
             Was a Priest of Trog.
             Slain by Grinder (5 damage)
             ... while paralysed by Grinder
             ... on level 4 of the Dungeon.
             The game lasted 00:03:57 (4211 turns).

Azzok the Chopper (Demonspawn Berserker)            Turns: 4211, Time: 00:03:58

Health: 0/47       AC: 10    Str: 19    XL:     6   Next: 0%
Magic:  6/6        EV:  2    Int:  9    God:    Trog [***...]
Gold:   192        SH:  0    Dex: 12    Spells: 5/5 levels left

rFire    . . .     SeeInvis .   a - +0 hand axe
rCold    . . .     Faith    .   (no shield)
rNeg     . . .     Spirit   .   m - +0 ring mail
rPois    .         Reflect  .   x - +0 helmet
rElec    .         Harm     .   (no cloak)
rCorr    .         Rampage  .   (no gloves)
MR       .....                  l - +0 pair of boots
Stlth    +.........             (no amulet)
HPRegen  0.15/turn              (no ring)
MPRegen  0.10/turn              (no ring)

@: paralysed
A: talons 2, yellow scales 2
a: Berserk, Trog's Hand, Renounce Religion


You were on level 4 of the Dungeon.
You worshipped Trog.
Trog was most pleased with you.
You visited 1 branch of the dungeon, and saw 4 of its levels.

You collected 192 gold pieces.

Inventory:

Hand Weapons
 a - a +0 hand axe (weapon)
Missiles
 u - 2 throwing nets (quivered)
Armour
 l - a +0 pair of boots (worn)
 m - a +0 ring mail (worn)
 x - a +0 helmet (worn)
Jewellery
 h - an uncursed ring of fire
Scrolls
 b - 2 scrolls of immolation {unknown}
 c - 6 scrolls of teleportation {unknown}
 g - 6 scrolls of remove curse {unknown}
 k - 3 scrolls of fog {unknown}
 n - a scroll of enchant armour {unknown}
 p - a scroll of identify {unknown}
 q - a scroll of blinking {unknown}
 t - a scroll of enchant weapon {unknown}
 v - a scroll of random uselessness {unknown}
Potions
 d - 4 potions of curing {unknown}
 e - a potion of mutation {unknown}
 f - 2 potions of flight {unknown}
 i - 2 potions of degeneration {unknown}
 j - 2 potions of brilliance {unknown}
 o - a potion of cancellation {unknown}
 r - 2 potions of might {unknown}
 s - a potion of stabbing {unknown}
 w - a potion of heal wounds {unknown}


   Skills:
 - Level 3.0 Fighting
 + Level 6.1 Axes
 - Level 1.7 Armour
 - Level 1.7 Dodging


You had 5 spell levels left.
You didn't know any spells.
Your spell library was empty.

Dungeon Overview and Level Annotations

Branches:
Dungeon (4/15)
 Temple: D:4-7

Altars:
Ashenzari
The Shining One

Annotations:
D:4 Grinder


Innate Abilities, Weirdness & Mutations

You have razor-sharp toenails.
You are mostly covered in yellow scales. (AC +3)


Message History

Unknown command.
You aren't carrying any items that you can evoke.
Grinder hits you.
You writhe in agony.
You hit Grinder but do no damage.
Grinder is severely wounded.
Grinder blinks!
Grinder gestures at you. You resist with significant effort.
Grinder gestures at you.
You suddenly lose the ability to move!
Grinder barely misses you. Grinder hits you.
You writhe in agony.
* * * LOW HITPOINT WARNING * * *
Grinder hits you.
* * * LOW HITPOINT WARNING * * *
You writhe in agony.
* * * LOW HITPOINT WARNING * * *
Grinder says, "There's only one good use for a tongue: cutting it out."
Grinder hits you.
You die...

▒▒▒▒▒▒▒▒▒▒▒▒▒▒▒▒▒▒▒▒▒▒▒
······················▒
▒▒▒▒▒▒▒▒▒···▒▒▒▒▒▒▒▒▒▒·▒
······▒ ▒···▒ ▒·▒
······▒ ▒···▒ ▒·▒
▒▒▒▒▒▒▒ ▒···▒ ▒·▒ ··▒▒
▒···▒▒▒▒▒▒▒▒ ▒·▒ ▒··▒▒
▒······5···▒ ▒·▒ ··▒·▒
▒·······@··▒▒▒·▒
▒···▒▒▒▒▒···········▒▒·▒
··▒···)))···▒▒▒▒····▒▒·▒
▒···▒▒▒▒▒···▒▒·'····'··▒
··▒·▒ ▒·▒▒▒▒·▒····▒▒▒▒
▒···▒ ▒·▒ ▒·▒····▒ ··▒·▒
▒·▒ ▒·▒▒▒▒▒▒ ▒·)·▒ ▒·▒
▒†▒ ))▒·▒ ▒·▒ ▒5▒▒▒▒▒▒▒╬


You could see Grinder.

Vanquished Creatures
  An orc priest (D:4)
  A bullfrog skeleton (D:4)
  Robin (D:4)
  A gnoll (D:1)
  7 adders
  An ooze (D:2)
  4 worms
  5 dart slugs
  3 leopard geckos
  4 orcs
  5 giant cockroaches
  18 goblins
  12 hobgoblins
  2 quokkas (D:3)
  6 ball pythons
  10 bats
  5 frilled lizards
  5 kobolds
  3 rats
94 creatures vanquished.

Notes
Turn   | Place    | Note
-------+----------+-------------------------------------------
     0 | D:1      | Azzok the Demonspawn Berserker began the quest for the Orb.
     0 | D:1      | Reached XP level 1. HP: 18/18 MP: 1/1
    99 | D:1      | Reached skill level 3 in Axes
   263 | D:1      | Gained mutation: You are partially covered in yellow
                  | scales. (AC +2) [demonic ancestry]
   263 | D:1      | Reached XP level 2. HP: 18/24 MP: 2/2
   379 | D:1      | You fall into a shaft and drop 1 floor!
   747 | D:1      | Gained mutation: You have sharp toenails. [demonic
                  | ancestry]
   747 | D:1      | Reached XP level 3. HP: 27/29 MP: 3/3
   760 | D:1      | Reached skill level 4 in Axes
  1371 | D:2      | Found a glowing golden altar of the Shining One.
  1602 | D:2      | Reached ** piety under Trog
  1684 | D:2      | Reached XP level 4. HP: 30/35 MP: 4/4
  2793 | D:3      | Reached skill level 5 in Axes
  2873 | D:3      | Gained mutation: You are mostly covered in yellow scales.
                  | (AC +3) [demonic ancestry]
  2873 | D:3      | Reached XP level 5. HP: 41/41 MP: 5/5
  2904 | D:3      | Found a broken altar of Ashenzari.
  3620 | D:4      | Reached *** piety under Trog
  3683 | D:4      | Reached skill level 6 in Axes
  3851 | D:4      | Noticed Robin
  3899 | D:4      | Killed Robin
  4135 | D:4      | Noticed Grinder
  4149 | D:4      | Gained mutation: You have razor-sharp toenails. [demonic
                  | ancestry]
  4149 | D:4      | Reached XP level 6. HP: 47/47 MP: 6/6
  4175 | D:4      | Paralysed by Grinder for 3 turns
  4199 | D:4      | Paralysed by Grinder for 4 turns
  4207 | D:4      | Paralysed by Grinder for 6 turns
  4211 | D:4      | Slain by Grinder

Illustrated notes

Levels and vault maps discovered:
D:1:      matt_arrival_refuge, layout_basic, item_on_display_a
D:2:      layout_loops_cross, nicolae_tso_carved_into_rock
D:3:      layout_basic, overflow_temple_1_default
D:4:      layout_basic, minivault_19, hex_medium, uniq_robin, uniq_grinder

Skill      XL: |  1  2  3  4  5 |
---------------+----------------+-----
Axes           | 3 4 5 6 |  6.1
Fighting       | |  3.0
Armour         | |  1.7
Dodging        | |  1.7

Action                   |  1- 3 |  4- 6 || total
-------------------------+-------+-------++-------
Melee: Hand axe          |   107 |   251 ||   358
Invok: Berserk           |     1 |     2 ||     3
       Trog's Hand       |       |     1 ||     1
 Stab: Sleeping          |     1 |       ||     1
Armor: Animal skin       |     8 |       ||     8
       Leather armour    |    11 |       ||    11
       Ring mail         |    28 |   107 ||   135
Dodge: Dodged            |    93 |   150 ||   243

Table legend: (Time is in decaauts)
 A = Elapsed time spent in this place.
 B = Non-inter-level travel time spent in this place.
 C = Inter-level travel time spent in this place.
 D = Time resting spent in this place.
 E = Time spent auto-exploring this place.
 F = Levels seen in this place.
 G = Mean time per level.
                   A        B        C        D        E       F      G
               +--------+--------+--------+--------+--------+-----+--------+
         Total |   4248 |   4084 |    164 |     12 |   3299 |   4 | 1062.0 |
       Dungeon |   4248 |   4084 |    164 |     12 |   3299 |   4 | 1062.0 |
               +--------+--------+--------+--------+--------+-----+--------+

Top non-repeatable levels by time:
     D:1: 1273 daAuts
     D:3: 1168 daAuts
     D:2: 1028 daAuts
     D:4: 778 daAuts
